 Dungeon Crawl Stone Soup version bcrawl-1.21.3 (webtiles) character file.

Game seed: 9883110540137656546

3155 funkygono the Basher (level 9, 0/81 HPs)
             Began as a Minotaur Fighter on Apr 5, 2020.
             Killed from afar by an electric eel (9 damage)
             ... with a bolt of electricity
             ... on level 7 of the Dungeon.
             The game lasted 00:13:16 (5763 turns).

funkygono the Basher (Minotaur Fighter)             Turns: 5763, Time: 00:13:17

Health: 0/81       AC: 21    Str: 28    XL:     9   Next: 62%
Magic:  8/8        EV:  8    Int:  2    God:
Gold:   315        SH: 14    Dex: 19    Spells: 8/8 levels left

rFire    . . .     SeeInvis .   a - +2 flail
rCold    . . .     Gourm    .   c - +1 medium shield
rNeg     + + .     Faith    .   h - +4 plate armour of the Engineer {rN++ Int-3 Dex+7}
rPois    .         Spirit   .   (helmet restricted)
rElec    .         Reflect  .   g - +0 cloak
rCorr    .         Harm     .   q - +0 pair of gloves
MR       .....                  m - +0 pair of boots
Stlth    ..........             B - amulet of rage
HPRegen  0.23/turn              y - +2 ring of dexterity
MPRegen  0.11/turn              s - +4 ring of strength

@: very slow
A: retaliatory headbutt, horns 2
a: Evoke Berserk Rage


You were on level 7 of the Dungeon.
You were not hungry.

You visited 2 branches of the dungeon, and saw 8 of its levels.

You collected 315 gold pieces.

Inventory:

Hand Weapons
 a - a +2 flail (weapon)
 w - a +1 whip of draining
 D - a cursed -3 whip
Missiles
 j - 1802 stones (quivered)
 C - 337 sling bullets
Armour
 b - a +1 scale mail
 c - a +1 medium shield (worn)
 g - a +0 cloak (worn)
 h - the +4 plate armour of the Engineer (worn) {rN++ Int-3 Dex+7}
   (You found it on level 5 of the Dungeon)

   It affects your intelligence (-3).
   It affects your dexterity (+7).
   It greatly protects you from negative energy.
 m - a +0 pair of boots (worn)
 q - a +0 pair of gloves (worn)
Magical Staves
 u - an uncursed staff of poison {unknown}
Jewellery
 f - an uncursed ring of resist corrosion
 s - a +4 ring of strength (right hand)
 y - a +2 ring of dexterity (left hand)
 B - an amulet of rage (around neck)
Wands
 x - a wand of paralysis (8)
 E - a wand of scattershot (6)
Scrolls
 i - 4 scrolls of teleportation
 l - a scroll of fear
 F - a scroll of identify
Potions
 d - a potion of might
 k - a potion of mutation
 o - 2 potions of curing
 r - a potion of resistance
 t - a potion of lignification
 v - a potion of flight
 z - a potion of cancellation
 A - a potion of brilliance
Comestibles
 e - 8 rations {!d}
 n - 6 chunks of flesh


   Skills:
 + Level 7.9 Fighting
 + Level 10.1 Maces & Flails
 + Level 7.4 Armour
 + Level 2.6 Dodging
 + Level 0.6 Stealth
 + Level 8.8 Shields


You had 8 spell levels left.
You didn't know any spells.
Your spell library was empty.

Dungeon Overview and Level Annotations

Branches:
Dungeon (7/12)             Temple (1/1) D:5            Lair (0/6) D:7

Altars:
Ashenzari
Cheibriados
Dithmenos
Elyvilon
Fedhas
Gozag
Hepliaklqana
Kikubaaqudgha
Lugonu
Makhleb
Nemelex Xobeh
Okawaru
Qazlal
Ru
Sif Muna
Trog
Uskayaw
Vehumet
Wu Jian
Xom
Zin

Shops:
D:5 [


Innate Abilities, Weirdness & Mutations

You reflexively headbutt those who attack you in melee.
You have a pair of horns on your head.


Message History

The bolt of electricity hits you!
* * * LOW HITPOINT WARNING * * *
You feel much better.
The electric eel shoots out a bolt of lightning at you!
The bolt of electricity hits you!
* * * LOW HITPOINT WARNING * * *
You thump the electric eel!
You kill the electric eel!
You enter the shallow water.
Moving in this stuff is going to be slow.
The electric eel shoots out a bolt of lightning at you!
The bolt of electricity hits the electric eel.
The electric eel completely resists.
The bolt of electricity hits you!
* * * LOW HITPOINT WARNING * * *
Found a staircase to the Lair.
You sock the electric eel! You headbutt the electric eel.
The electric eel is severely wounded.
The electric eel shoots out a bolt of lightning at you!
The bolt of electricity hits you!
You die...

≈≈..%.......# #.#.....
≈≈≈≈.........# #.#<#
≈≈≈≈≈≈..≈≈...# #.#.# .
≈≈≈≈≈≈.≈≈≈...#.##.#.##..
≈≈≈≈≈≈≈≈≈≈[..#..........
.≈≈.≈≈≈≈≈≈≈..#.##.#.##..
....≈≈≈≈≈≈≈..#......# .
>..............##.#####.
..≈≈.≈≈@≈≈...####.# #...
≈...≈≈;≈.....# #.###.##
.≈≈≈≈≈≈≈≈≈≈$.####.......
≈≈≈≈≈≈≈≈≈≈............##
≈≈≈;..≈≈≈.....#####...##
.≈............###.......
................#÷......
####.###.........÷......
..............###...##


You could see 2 electric eels.

Vanquished Creatures
  A troll (D:7)
  2 hippogriffs (D:6)
  Eustachio (D:6)
  Duvessa (D:6)
  A sky beast (D:4)
  5 ogres
  2 wolves (D:7)
  4 centaurs
  2 bullfrogs
  A big kobold (D:6)
  Dowan (D:6)
  2 scorpions
  2 electric eels (D:7)
  A howler monkey (D:3)
  2 centaur zombies (D:5)
  2 crimson imps (D:5)
  An orc priest (D:4)
  7 hounds
  A jelly (D:6)
  2 centaur skeletons (D:5)
  2 bullfrog skeletons (D:5)
  Jessica (D:3)
  4 worker ants
  A killer bee zombie (D:6)
  2 hound skeletons
  6 adders
  An ooze (D:3)
  3 adder zombies (D:5)
  5 adder skeletons
  6 worms
  4 dart slugs
  6 leopard geckos
  9 orcs
  5 bats
  4 giant cockroaches
  5 goblins
  2 hobgoblins
  9 jackals
  8 kobolds
  4 quokkas
  A frilled lizard (D:2)
  A quokka zombie (D:5)
  2 rats
132 creatures vanquished.

Notes
Turn   | Place    | Note
-------+----------+-------------------------------------------
     0 | D:1      | funkygono the Minotaur Fighter began the quest for the Orb.
     0 | D:1      | Reached XP level 1. HP: 19/19 MP: 0/0
   356 | D:1      | Reached XP level 2. HP: 22/27 MP: 1/1
   737 | D:2      | Reached XP level 3. HP: 30/33 MP: 2/2
   873 | D:2      | Found a faded altar of an unknown god.
  1140 | D:2      | Reached skill level 3 in Maces & Flails
  1276 | D:3      | Reached XP level 4. HP: 41/41 MP: 3/3
  1358 | D:3      | Found a shimmering altar of Xom.
  1550 | D:3      | Noticed Jessica
  1556 | D:3      | Killed Jessica
  1556 | D:3      | Reached skill level 5 in Fighting
  1762 | D:3      | Reached XP level 5. HP: 43/48 MP: 4/4
  1914 | D:3      | Reached skill level 1 in Dodging
  2173 | D:4      | Noticed an ogre
  2182 | D:4      | Killed an ogre
  2182 | D:4      | Reached skill level 4 in Maces & Flails
  2216 | D:4      | Reached XP level 6. HP: 27/56 MP: 5/5
  2394 | D:4      | Reached skill level 5 in Shields
  2405 | D:4      | Found an opulent altar of Gozag.
  2437 | D:4      | Reached skill level 5 in Maces & Flails
  2512 | D:4      | Found a bloodstained altar of Trog.
  2658 | D:4      | Noticed a sky beast
  2665 | D:4      | Killed a sky beast
  2665 | D:4      | Reached XP level 7. HP: 50/61 MP: 6/6
  2713 | D:4      | Reached skill level 6 in Maces & Flails
  2811 | D:4      | Found a blossoming altar of Fedhas.
  3317 | D:5      | Entered Level 5 of the Dungeon
  3356 | D:5      | Found a shadowy altar of Dithmenos.
  3393 | D:5      | Found Gammaz's Antique Armour Shoppe.
  3448 | D:5      | Reached skill level 5 in Armour
  3496 | D:5      | Found a staircase to the Ecumenical Temple.
  3505 | Temple   | Entered the Ecumenical Temple
  3753 | D:5      | Reached skill level 7 in Maces & Flails
  3801 | D:5      | Got a scorched plate armour
  3822 | D:5      | Identified the +4 plate armour of the Engineer {rN++ Int-3
                  | Dex+7} (You found it on level 5 of the Dungeon)
  3837 | D:5      | Reached XP level 8. HP: 70/70 MP: 7/7
  4173 | D:5      | Found a corrupted altar of Lugonu.
  4766 | D:6      | Reached skill level 8 in Maces & Flails
  4935 | D:6      | Noticed a hippogriff
  4947 | D:6      | Killed a hippogriff
  4947 | D:6      | Reached skill level 9 in Maces & Flails
  5049 | D:6      | Noticed Eustachio
  5057 | D:6      | Killed Eustachio
  5057 | D:6      | Reached XP level 9. HP: 79/79 MP: 8/8
  5197 | D:6      | Noticed Dowan
  5200 | D:6      | Noticed Duvessa
  5208 | D:6      | Killed Duvessa
  5211 | D:6      | Killed Dowan
  5514 | D:7      | Noticed a troll
  5526 | D:7      | Killed a troll
  5620 | D:7      | Reached skill level 10 in Maces & Flails
  5762 | D:7      | Found a staircase to the Lair.
  5763 | D:7      | Killed from afar by an electric eel

Skill      XL: |  1  2  3  4  5  6  7  8  9 |
---------------+----------------------------+-----
Fighting       | 4 5 7 |  7.9
Armour         | 4 5 6 7 |  7.4
Shields        | 4 5 6 7 8 |  8.8
Maces & Flails | 3 4 5 7 9 10 | 10.1
Dodging        | 1 2 |  2.6
Stealth        | |  0.6

Action                   |  1- 3 |  4- 6 |  7- 9 || total
-------------------------+-------+-------+-------++-------
Melee: Flail             |    82 |    73 |   217 ||   372
       Headbutt          |    15 |    18 |    62 ||    95
  Use: Scroll            |     6 |     6 |     5 ||    17
       Potion            |       |       |     1 ||     1
  Eat: Chunk             |     1 |     5 |     6 ||    12
       Ration            |       |       |     1 ||     1
Armor: Scale mail        |    40 |    25 |    28 ||    93
       Plate armour      |       |       |    57 ||    57
Dodge: Dodged            |    23 |    24 |    51 ||    98
Block: Medium shield     |    57 |    36 |   147 ||   240
